 Dungeon Crawl Stone Soup version 0.29-a0-2-g12fcac58f8 (webtiles) character file.

Game seed: 13464904137441126811

430 Strat the Chopper (level 6, -5/51 HPs)
             Began as a Minotaur Delver on Jan 26, 2022.
             Was an Initiate of Wu Jian.
             Succumbed to an orc wizard's poison
             ... on level 4 of the Dungeon.
             The game lasted 00:06:46 (4119 turns).

Strat the Chopper (Minotaur Delver)                 Turns: 4119, Time: 00:06:46

Health: -5/51      AC:  6    Str: 18    XL:     6   Next: 66%
Magic:  14/14      EV: 10    Int:  7    God:    Wu Jian [......]
Gold:   147        SH:  3    Dex: 12    Spells: 5/5 levels left

rFire   . . .      SeeInvis .   a - +1 hand axe
rCold   . . .      Faith    .   p - +0 buckler
rNeg    . . .      Spirit   .   k - +0 ring mail
rPois   .          Reflect  .   (helmet restricted)
rElec   .          Harm     .   s - +0 cloak
rCorr   .          Rampage  .   (no gloves)
Will    .....                   (no boots)
Stlth   ++........              (no amulet)
HPRegen 0.17/turn               t - ring of magical power
MPRegen 0.14/turn               (no ring)

@: lethally poisoned (-5 -> -32)
A: horns 2, retaliatory headbutt
a: Renounce Religion


You were on level 4 of the Dungeon.
You worshipped Wu Jian.
Wu Jian was noncommittal.
You visited 1 branch of the dungeon, and saw 5 of its levels.

You collected 147 gold pieces.

Inventory:

Hand Weapons
 a - a +1 hand axe (weapon)
 C - a +0 morningstar
Missiles
 l - 84 stones (quivered)
 o - 5 curare-tipped darts
 q - 38 sling bullets
 y - 2 boomerangs
Armour
 b - a +0 leather armour
 e - a +0 scale mail
 h - a +0 tower shield
 k - a +0 ring mail (worn)
 p - a +0 buckler (worn)
 s - a +0 cloak (worn)
Jewellery
 t - a ring of magical power (left hand)
 x - a ring of flight
Wands
 g - a wand of digging (3)
 A - a wand of flame (18)
Scrolls
 c - a scroll of fog
 d - a scroll of magic mapping
 j - 4 scrolls of identify
 n - 2 scrolls of teleportation
 r - a scroll of amnesia
 B - a scroll of vulnerability {unknown}
Potions
 f - a potion of haste
 i - a potion of cancellation {unknown}
 m - a potion of invisibility
 u - a potion of curing
 v - a potion of might
 w - a potion of lignification {unknown}
 z - 2 potions of brilliance {unknown}


   Skills:
 - Level 3.6 Fighting
 + Level 7.9 Axes
 + Level 3.3 Armour
 - Level 2.1 Dodging
 - Level 4.1 Stealth


You had 5 spell levels left.
You didn't know any spells.
Your spell library contained the following spells:

 Spells                   Type           Power      Damage    Failure   Level
 Animate Skeleton         Necr           0%         N/A       73%         1
 Apportation              Tloc           0%         N/A       73%         1
 Beastly Appendage        Tmut           0%         N/A       73%         1
 Summon Small Mammal      Summ           0%         N/A       73%         1
 Wereblood                Tmut           0%         N/A       86%         2
 Spider Form              Tmut/Pois      0%         N/A       97%         3
 Dispersal                Tloc           0%         N/A       100%        6
 Disjunction              Tloc           0%         N/A       100%        8


Dungeon Overview and Level Annotations

Branches:
Dungeon (5/15)
 Temple: D:4-7

Altars:
Makhleb
Wu Jian
Lugonu

Shops:
D:1 =

Annotations:
D:5 2 runed translucent doors, 2 transporters


Innate Abilities, Weirdness & Mutations

You have a pair of horns on your head.
You reflexively headbutt those who attack you in melee.


Message History

You closely miss the orc priest. You headbutt the orc priest!
You kill the orc priest!
The Council accepts your kill.
You completely miss the orc. You hit something but do no damage.
You block the orc's attack. Something hits you.
* * * LOW HITPOINT WARNING * * *
The orc hits you but does no damage. Something hits you but does no damage.
You are poisoned.
Things that are here:
a +0 dagger; a +0 leather armour; 27 gold pieces You closely miss the orc.
You headbutt the orc.
You kill the orc!
The Council accepts your kill.
You hit something but do no damage.
You feel sick. Something hits you but does no damage.
You are more poisoned.
You feel very sick. Something completely misses you.
Items here: ( )) [[ †.
You feel very sick. Something hits you but does no damage.
You are lethally poisoned!
* * * LOW HITPOINT WARNING * * *
You feel very sick. Something hits you but does no damage.
Items here: ( )) [[ †.
* * * LOW HITPOINT WARNING * * *
You feel very sick. Something hits you but does no damage.
You are more poisoned.
Things that are here:
a +0 dagger; a +0 leather armour; 27 gold pieces You hit something but do no damage.
* * * LOW HITPOINT WARNING * * *
You feel very sick. Something hits you.
* * * LOW HITPOINT WARNING * * *
You are more poisoned.
You hit something.
You die...

#..'......#.....
#.###...#####... #.#
#.#'#...#'#.
#)#####.......##
#'#.#...........
###...##.........#
#......'.........'
#.{....##.......##
###########@).....#.......#.
#.....#...'.......####'####.
#.##....#.#.......#.......#.
##.......#......##.......##
+......###......'.........'
##........###...##.........#
#...........#'#.#...........
#..#..........### #.......##
#..#..........# #+#...#'##


There were no monsters in sight!

Vanquished Creatures
  A water moccasin (D:4)
  A scorpion (D:4)
  An orc priest (D:4)
  Jessica (D:3)
  Terence (D:3)
  A killer bee zombie (D:5)
  A hound skeleton (D:4)
  3 gnolls
  5 adders
  A worm (D:3)
  7 orcs (D:4)
  6 endoplasms
  5 giant cockroaches
  2 goblins (D:2)
  5 hobgoblins
  A jackal (D:4)
  5 kobolds
  6 quokkas
  7 ball pythons
  6 bats
  7 rats (D:1)
73 creatures vanquished.

Vanquished Creatures (others)
  4 plants (D:4)
4 creatures vanquished.

Grand Total: 77 creatures vanquished

Notes
Turn   | Place    | Note
-------+----------+-------------------------------------------
     0 | D:5      | Strat the Minotaur Delver began the quest for the Orb.
     0 | D:5      | Reached XP level 1. HP: 19/19 MP: 0/0
    12 | D:5      | Reached skill level 3 in Axes
    12 | D:5      | Reached XP level 2. HP: 7/26 MP: 1/1
   303 | D:5      | Found a large runed translucent door.
   303 | D:5      | Found a large runed translucent door.
   306 | D:5      | Found a corrupted altar of Lugonu.
   313 | D:5      | Noticed a kobold brigand
   327 | D:5      | Found a transporter.
   331 | D:5      | Noticed an acid dragon
   331 | D:5      | Noticed a kobold brigand
   332 | D:5      | Found a transporter.
   332 | D:5      | Noticed a yak
   332 | D:5      | Noticed a two-headed ogre
   335 | D:5      | Noticed a water moccasin
   378 | D:4      | Reached skill level 4 in Axes
   378 | D:4      | Reached XP level 3. HP: 19/31 MP: 2/2
   924 | D:2      | Reached skill level 5 in Axes
  1149 | D:1      | Reached XP level 4. HP: 39/39 MP: 3/3
  1454 | D:1      | Found Guevubb's Jewellery Boutique.
  1571 | D:1      | Found a faded altar of an unknown god.
  2330 | D:3      | Reached skill level 6 in Axes
  2576 | D:3      | Noticed Jessica
  2633 | D:3      | Noticed Terence
  2643 | D:3      | Killed Terence
  2644 | D:3      | Reached XP level 5. HP: 37/45 MP: 4/4
  2693 | D:3      | Killed Jessica
  2897 | D:3      | Found a burning altar of Makhleb.
  2897 | D:3      | Noticed a blizzard demon
  2928 | D:3      | Noticed an orange demon
  2928 | D:3      | Noticed a neqoxec
  2958 | D:3      | Found an ornate altar of the Wu Jian Council.
  2962 | D:3      | Reached skill level 7 in Axes
  2970 | D:3      | Became a worshipper of the Wu Jian Council
  3473 | D:4      | Killed a water moccasin
  3474 | D:4      | Reached XP level 6. HP: 27/51 MP: 5/5
  4118 | D:4      | HP: 1/51 [something (4)]
  4119 | D:4      | Succumbed to an orc wizard's poison

Illustrated notes

Levels and vault maps discovered:
D:1:      dpeg_arrival_three_same_balls, layout_rooms, serial_shops,
          nicolae_lakefront_shop, shapermc_ecumenical_altar_ellora
D:2:      layout_basic, minmay_misc_feat_square
D:3:      layout_rooms, old_standard_altar, makhleb_altar_promises_db,
          uniq_jessica, uniq_terence
D:4:      nicolae_cairo_tiling_very_big, layout_basic, tso_oasis_becter,
          chequers_temple_overflow_minitemple, serial_glass, glass_columns_a,
          glass_columns_b
D:5:      due_chaos_kobolds, layout_rooms, gammafunk_temple_overflow_arena,
          kennysheep_big_empty_room, amcnicky_mini_rare_corridor_liquid,
          uniq_crazy_yiuf_cottage, uniq_duvessa

Skill      XL: |  1  2  3  4  5  6 |
---------------+-------------------+-----
Axes           | 3 4 5 6 7 |  7.9
Armour         | 2 3 |  3.3
Fighting       | |  3.6
Dodging        | |  2.1
Stealth        | |  4.1

Action                   |  1- 3 |  4- 6 || total
-------------------------+-------+-------++-------
Melee: Hand axe          |    70 |   124 ||   194
       Headbutt          |    16 |    26 ||    42
Invok: Lunge             |       |     4 ||     4
Evoke: Wand              |       |     2 ||     2
  Use: Scroll            |     1 |     8 ||     9
 Stab: Sleeping          |     2 |     2 ||     4
Armor: Leather armour    |     1 |       ||     1
       Ring mail         |    32 |    43 ||    75
Dodge: Dodged            |    56 |    51 ||   107
Block: Buckler           |     2 |    13 ||    15

Table legend: (Time is in decaauts)
 A = Elapsed time spent in this place.
 B = Non-inter-level travel time spent in this place.
 C = Inter-level travel time spent in this place.
 D = Time resting spent in this place.
 E = Time spent auto-exploring this place.
 F = Levels seen in this place.
 G = Mean time per level.
                   A        B        C        D        E       F      G
               +--------+--------+--------+--------+--------+-----+--------+
         Total |   4130 |   4007 |    123 |    824 |   2182 |   5 |  826.0 |
       Dungeon |   4130 |   4007 |    123 |    824 |   2182 |   5 |  826.0 |
               +--------+--------+--------+--------+--------+-----+--------+

Top non-repeatable levels by time:
     D:4: 1196 daAuts
     D:3: 939 daAuts
     D:2: 916 daAuts
     D:1: 721 daAuts
     D:5: 356 daAuts
